Unix NetHack Version 5.0.0-0 post-release - last build May 31 2026 23:59:36 (970b52f25bf058293b47ddfd14a1e40e571c508c,branch:main).

Game began 2026-06-01 21:18:59, ended 2026-06-01 21:42:41.

Haxasaurus, lawful female dwarven Valkyrie

         --
       ---.--          --   ---
       |.....----     --.----.----
      --........|  |  |...|..>...--
     --.-.......--.|    ..........|
    --.............       ........----
     ........*....         -.........
      |..........- ----     -......-
      |..........| |..-------.[.@..--
         ........---...........)[...|
            -..............----.....-
            |<...(.........-  ....G...-
            -......^..-.....--.--.--...-
           -...................  --  ...|
          -*.................---      ..-
        -.....---.|........---         ..
       .....--- -----......|           ..|
     |.....-        |......-           ---
     |....-         -----*..|
     -----              --.--
                         ---
Haxasaurus the Skirmisher   St:17 Dx:15 Co:19 In:7 Wi:10 Ch:7  Lawful
Dlvl:8  $:103 HP:18(65) Pw:6(6) AC:-1 Xp:5/241 T:3199 

Latest messages:
 You hit the giant spider!
 The giant spider bites!
 [HP -4, 44 left]
 You miss the giant spider.
 The giant spider misses!
 You miss the giant spider.
 Aiunai of Rukogakhu throws a knife!
 The knife misses the giant spider.
 You are hit by a knife.
 [HP -1, 43 left]
 The giant spider bites!
 The giant spider's bite was poisoned!
 [HP -15, 28 left]
 [HP -3, 25 left]
 You are beginning to feel hungry.
 You hit the giant spider!
 Aiunai of Rukogakhu wields a scimitar!
 The giant spider bites!
 [HP -1, 24 left]
 The giant spider bites!
 [HP -3, 21 left]
 You feel more confident in your weapon skills.
 You kill the giant spider!
 Welcome to experience level 5.
 You kill Aiunogun of Rukogakhu!
 The dog bites!
 [HP -2, 28 left]
 You kill Aiunai of Rukogakhu!
 The dog just misses!
 You swap places with the peaceful gnome lord.
 r - a white potion (2 in total).
 There are several more objects here.
 The dog misses!
 You hit the dog!
 The dog bites!
 [HP -4, 25 left]
 You miss the dog.
 The dog just misses!
 You kill the dog!
 There is a giant spider corpse here; eat it? y
 Ecch - that must have been poisonous!
 [HP -12, 15 left]
 You finish eating the giant spider corpse.
 You see here a dog corpse.
 Really quit without saving? y
 Do you want your possessions identified? y
 Do you want to see your attributes? y
 Do you want an account of creatures vanquished? y
 Do you want to see your conduct and achievements? y
 Do you want to see the dungeon overview? y

Inventory:
 Coins    ('$')
  $ - 103 gold pieces
 Amulets  ('"')
  m - a cursed amulet of change named cursed
 Weapons  (')')
  G - a blessed +1 sling (alternate weapon; not wielded)
  a - a +1 dwarvish spear (weapon in left hand)
 Armor    ('[')
  n - an uncursed +0 orcish helm (being worn)
  c - an uncursed +3 small shield (being worn)
  u - an uncursed +0 elven cloak (being worn)
  F - an uncursed +0 elven mithril-coat (being worn)
 Comestibles  ('%')
  d - 4 uncursed food rations
  N - an uncursed tripe ration
 Scrolls  ('?')
  s - an uncursed scroll of blank paper
  h - 2 uncursed scrolls of enchant armor
  K - an uncursed scroll of enchant weapon
  z - a cursed scroll of fire
  B - an uncursed scroll of identify
  w - an uncursed scroll of punishment
 Spellbooks  ('+')
  i - an uncursed spellbook of detect food
  D - an uncursed spellbook of magic missile
  E - an uncursed spellbook of sleep
 Potions  ('!')
  x - an uncursed potion of fruit juice
  q - 2 blessed potions of healing
  k - an uncursed potion of healing
  r - 2 cursed potions of healing
  g - an uncursed potion of monster detection
  M - an uncursed potion of sickness
  j - a blessed potion of speed
 Rings    ('=')
  C - an uncursed ring of polymorph control
  l - a cursed ring of teleportation named cursed
 Wands    ('/')
  L - a wand of fire (0:4)
  I - a wand of fire (0:3)
 Tools    ('(')
  p - an uncursed figurine of a crocodile
  J - an uncursed leash
 Gems/Stones  ('*')
  e - an uncursed worthless piece of black glass
  P - an uncursed worthless piece of green glass
  f - 2 uncursed worthless pieces of violet glass
  y - 3 uncursed worthless pieces of yellowish brown glass
  H - 7 uncursed rocks (in quiver pouch)

Haxasaurus the Valkyrie's attributes:

Background:
 You were a Skirmisher, a level 5 dwarven Valkyrie.
 You were lawful, nominally on a mission for Tyr
 who was opposed by Odin (neutral) and Loki (chaotic).
 You were left-handed.
 You were in the Gnomish Mines, on level 8.
 You entered the dungeon 3199 turns ago.
 There was a full moon in effect when your adventure ended.
 You had 241 experience points, 79 more were needed to attain level 6.

Basics:
 You had 18 out of 65 hit points.
 You had all 6 energy points (spell power).
 Your armor class was -1.
 Your wallet contained 103 zorkmids.
 Autopickup was on for '$"=/!?' plus thrown, with exceptions.

Final Characteristics:
 Your strength was 17 (peak:18, limit:18/100).
 Your dexterity was 15 (limit:20).
 Your constitution was 19 (limit:20).
 Your intelligence was 7 (limit:16).
 Your wisdom was 10 (limit:16).
 Your charisma was 7 (limit:16).

Final Status:
 You weren't hungry.
 You were unencumbered.
 You were wielding a spear.
 You had basic skill with spear and could have enhanced that.

Final Attributes:
 You were piously aligned.
 You were cold resistant.
 You had infravision.
 You were stealthy.
 You were guarded.
 You were lucky.
 You survived.

Miscellaneous:
 You didn't encounter any bones levels.
 Total elapsed playing time was 23 minutes and 41 seconds.

Major events:
 Turn
    1: Haxasaurus the lawful dwarven Valkyrie entered the dungeon
 1056: attained the rank of Skirmisher (level 3)
 2440: entered the Gnomish Mines
 2869: reached Mine Town
 3199: quit

You didn't know any spells.

Skills:
 Fighting Skills
   bare handed combat [Unskilled]
   two weapon combat  [Unskilled]
   riding             [Unskilled]
 Weapon Skills
   dagger             [Basic]
   axe                [Unskilled]
   pick-axe           [Unskilled]
   short sword        [Unskilled]
   broadsword         [Unskilled]
   long sword         [Unskilled]
   two-handed sword   [Unskilled]
   saber              [Unskilled]
   hammer             [Unskilled]
   quarterstaff       [Unskilled]
   polearms           [Unskilled]
   spear              [Basic]
   trident            [Unskilled]
   lance              [Unskilled]
   sling              [Unskilled]
 Spellcasting Skills
   attack spells      [Unskilled]
   escape spells      [Unskilled]

Voluntary challenges:
 Character rerolling was not enabled.
 You were an atheist.
 You never genocided any monsters.
 You never polymorphed an object.
 You never changed form.
 You used no wishes.
Achievements:
 You entered a shop.
 You attained the rank of Skirmisher.
 You entered the Gnomish Mines.
 You entered Minetown.

 The Dungeons of Doom: levels 1 to 6
    Level 1:
    Level 2:
       A food shop.
    Level 3:
    Level 4:
       A fountain.
       Stairs down to The Gnomish Mines.
    Level 5:
       A fountain.
    Level 6:
 The Gnomish Mines: levels 5 to 8
    Level 5:
    Level 6:
    Level 7:
       An altar, a fountain.
    Level 8: <- You were here.


Vanquished creatures:
  a giant spider
  a dog
  2 Mordor orcs
  a rock piercer
  a fog cloud
  a shrieker
  a floating eye
  a kitten
  a hill orc
  a rothe
  a rabid rat
 an orc zombie
  2 acid blobs
  a hobbit
  a giant rat
  2 cave spiders
  a yellow mold
  a red mold
  a gnome
  a gnome zombie
  a gecko
 10 jackals
  a fox
  a kobold
  3 goblins
  6 grid bugs
  2 lichens
  2 kobold zombies
  2 newts
51 creatures vanquished.

No species were genocided or became extinct.

Farvel Haxasaurus the Valkyrie...

You quit in The Gnomish Mines on dungeon level 8 with 1427 points,
and 103 pieces of gold, after 3199 moves.
You were level 5 with a maximum of 65 hit points when you quit.

